 Dungeon Crawl Stone Soup version 0.30.0-19-gbf45117a57 (webtiles) character file.

Game seed: 9052113578409453462

1451 qw the Cleaver (level 8, 0/49 HPs)
             Began as a Gargoyle Fighter on May 23, 2023.
             Killed from afar by Sigmund (4 damage)
             ... with a magic dart
             ... on level 5 of the Dungeon.
             The game lasted 00:02:32 (3769 turns).

qw the Cleaver (Gargoyle Fighter)                   Turns: 3769, Time: 00:02:33

Health: 0/49       AC: 20    Str: 22    XL:     8   Next: 75%
Magic:  0/8        EV: 11    Int:  9    God:
Gold:   209        SH:  4    Dex: 12    Spells: 7/7 levels left

rFire   . . .        Y - +1 war axe (flame)
rCold   . . .        c - +0 buckler
rNeg    + . .        o - +0 plate armour
rPois   inf          t - +0 helmet
rElec   +            (no cloak)
rCorr   .            k - +0 pair of gloves
SInv    .            (no boots)
Will    ++...        a - amulet "Teqeblyr" {Spirit rElec Will+ Dex+3} Stlth
                     e - ring of willpower
HPRegen 0.28/turn    h - +5 ring of evasion
MPRegen 0.11/turn

%: guardian spirit
@: no status effects
A: sickness immunity, AC +5, negative energy resistance 1, electricity
resistance, torment resistance 1, petrification resistance
a: no special abilities


You were on level 5 of the Dungeon.
You visited 1 branch of the dungeon, and saw 5 of its levels.
You also visited: Ossuary.

You collected 303 gold pieces.
You spent 94 gold pieces at shops.


Innate Abilities, Weirdness & Mutations

You are immune to sickness and miasma.
Your stone body is resilient. (AC +5)
You are immune to poison.
You resist negative energy. (rN+)
You are resistant to electric shocks. (rElec)
You are resistant to unholy torment.
You are immune to petrification.


   Skills:
 + Level 5.0 Fighting
 - Level 8.1 Axes
 - Level 2.4 Throwing
 - Level 5.1 Armour
 - Level 1.0 Dodging
 - Level 3.2 Shields


You had 7 spell levels left.
You didn't know any spells.
Your spell library was empty.

Inventory:

Hand Weapons
 Y - a +1 war axe of flaming (weapon)
Armour
 c - a +0 buckler (worn)
 k - a +0 pair of gloves (worn)
 o - a +0 plate armour (worn)
 r - a +0 pair of boots
 t - a +0 helmet (worn)
Jewellery
 a - the amulet "Teqeblyr" (around neck) {Spirit rElec Will+ Dex+3}
   (You acquired it on level 1 of the Dungeon)

   [amulet of guardian spirit]

   It causes incoming damage to be divided between your reserves of health and
   magic.
   Dex:       It affects your dexterity (+3).
   rElec:     It insulates you from electricity.
   Will:      It increases your willpower.
 e - a ring of willpower (left hand)
 h - a +5 ring of evasion (right hand)
 p - a ring of ice
Scrolls
 g - a scroll of identify
 i - 2 scrolls of teleportation
Potions
 b - 2 potions of attraction
 d - 2 potions of might
 f - 3 potions of heal wounds
 j - a potion of mutation
 l - a potion of curing {unknown}
 m - a potion of haste {unknown}
 n - a potion of brilliance {unknown}

Dungeon Overview and Level Annotations

Branches:
Dungeon (5/15)            Ossuary (visited)
 Temple: D:4-7

Altars:
Ashenzari

Shops:
D:3 *

Annotations:
D:5 Sigmund


Message History

Something hits you.
You swing at nothing.
You hear a zap.
The roots erupt in riotous growth!
The grasping roots grab you!
You are constricted.
You swing at nothing.
Something hits you but does no damage.
You are constricted.
The grasping roots release their grip on you.
You swing at nothing.
Something hits you.
You swing at nothing.
Something hits you!
You swing at nothing.
You swing at nothing.
Something hits you.
You swing at nothing.
You hear a zap.
The roots erupt in riotous growth!
The grasping roots grab you!
The now-empty wand crumbles to dust.
You are constricted.
You swing at nothing.
Something hits you but does no damage.
You are constricted.
You swing at nothing.
Something hits you but does no damage.
You are constricted.
You swing at nothing.
The grasping roots release their grip on you.
You swing at nothing.
Something hits you but does no damage.
You swing at nothing.
Something hits you!
You swing at nothing.
Something hits you.
You swing at nothing.
You swing at nothing.
Something hits you!
You swing at nothing.
A magic dart appears from out of thin air!
The magic dart hits you.
You die...

..............# . ..........#.
.........#..................####.
........##..............##.......
........................#.......[
...###.#.........................
....####....[....................
.#..... ........................
....... .....{..................
....... #.%@................
....... ###..........####.##..
....... ...........##.# ## ##.
....... ...../...##..## ######..
....... ..............###.#.###.
....... ......##................
....... ......#...........##....
..#.#.# ...................#...#
..###.### #....#......###..#.....


There were no monsters in sight!

Vanquished Creatures
  An ice beast (D:5)
  An orc warrior (D:4)
  An ogre (D:5)
  Blork the orc (D:5)
  3 elf zombies (Ossuary)
  4 scorpions
  A human zombie (Ossuary)
  4 orc priests
  5 hounds
  Ijyb (D:5)
  2 orc wizards (D:4)
  A hound zombie (Ossuary)
  4 mummies (Ossuary)
  8 adders
  4 gnolls
  An adder zombie (Ossuary)
  A worm (D:2)
  3 dart slugs (D:1)
  12 orcs
  6 ball pythons
  8 endoplasms
  4 giant cockroaches
  9 goblins
  4 hobgoblins
  4 jackals (D:1)
  10 kobolds
  3 quokkas
  7 bats
  4 frilled lizards
  A gnoll zombie (Ossuary)
  A goblin zombie (Ossuary)
  2 hobgoblin zombies (Ossuary)
  A jackal zombie (Ossuary)
  A kobold zombie (Ossuary)
  12 rats
135 creatures vanquished.

Notes
Turn   | Place    | Note
-------+----------+-------------------------------------------
     0 | D:1      | qw the Gargoyle Fighter began the quest for the Orb.
     0 | D:1      | Reached XP level 1. HP: 14/14 MP: 1/1
     0 | D:1      | 0 ||| qw: Version: 0.2-a-98-g5d7165a
     0 | D:1      | 0 ||| qw: Game counter: 49
     0 | D:1      | 0 ||| qw: Always use a shield: true
     0 | D:1      | 0 ||| qw: God list: Okawaru
     0 | D:1      | 0 ||| qw: Allow faded altars: false
     0 | D:1      | 0 ||| qw: Do Orc after D:15 true
     0 | D:1      | 0 ||| qw: Do second Lair branch before Depths: true
     0 | D:1      | 0 ||| qw: Lair rune preference: random
     0 | D:1      | 0 ||| qw: Plans: Normal, Zot:1-4, God:TSO, Crypt, Tomb,
                  | Pan, Slime:5, Hells, Abyss, Win
     0 | D:1      | 0 ||| PLANNING D:1-11
    91 | D:1      | Reached skill level 2 in Axes
   103 | D:1      | 103 ||| Stepping ~*~*~tactically~*~*~ (hiding).
   115 | D:1      | Reached XP level 2. HP: 17/19 MP: 2/2
   260 | D:1      | 260 ||| Stepping ~*~*~tactically~*~*~ (hiding).
   273 | D:1      | Reached skill level 3 in Axes
   297 | D:1      | 297 ||| Stepping ~*~*~tactically~*~*~ (hiding).
   304 | D:1      | Reached XP level 3. HP: 20/23 MP: 3/3
   312 | D:1      | 312 ||| Stepping ~*~*~tactically~*~*~ (stealth).
   519 | D:1      | 519 ||| Stepping ~*~*~tactically~*~*~ (stealth).
   520 | D:1      | 520 ||| Stepping ~*~*~tactically~*~*~ (stealth).
   525 | D:1      | 525 ||| Stepping ~*~*~tactically~*~*~ (stealth).
   543 | D:1      | 543 ||| Stepping ~*~*~tactically~*~*~ (stealth).
   762 | D:1      | Found a faded altar of an unknown god.
   855 | D:1      | 855 ||| READING scroll labelled YNNIRH HUTOU.
   855 | D:1      | Identified a scroll of acquirement
   855 | D:1      | 855 ||| ACQUIRING amulet "Teqeblyr" {Spirit rElec Will+
                  | Dex+3}
   855 | D:1      | Acquired the amulet "Teqeblyr" {Spirit rElec Will+ Dex+3}
   857 | D:1      | 857 ||| UPGRADING to amulet "Teqeblyr" {Spirit rElec Will+
                  | Dex+3}.
   862 | D:1      | 862 ||| READING scroll labelled GIGOIKKUSU.
   863 | D:1      | 863 ||| READING scroll labelled OCKA FIELEMUDA.
   868 | D:1      | 868 ||| READING scroll labelled NILUQAY BENE.
   869 | D:1      | 869 ||| DROPPING +0 club.
   870 | D:1      | 870 ||| DRINKING 2 metallic silvery potions.
   901 | D:2      | Reached XP level 4. HP: 28/28 MP: 4/4
   916 | D:2      | Reached skill level 4 in Axes
  1052 | D:2      | 1052 ||| Stepping ~*~*~tactically~*~*~ (hiding).
  1053 | D:2      | 1053 ||| Stepping ~*~*~tactically~*~*~ (hiding).
  1063 | D:2      | 1063 ||| Stepping ~*~*~tactically~*~*~ (stealth).
  1082 | D:2      | 1082 ||| Stepping ~*~*~tactically~*~*~ (stealth).
  1083 | D:2      | 1083 ||| Stepping ~*~*~tactically~*~*~ (stealth).
  1109 | D:2      | Found a broken altar of Ashenzari.
  1196 | D:2      | Reached skill level 1 in Dodging
  1615 | D:2      | 1615 ||| UPGRADING to +0 pair of gloves.
  1620 | D:2      | 1620 ||| UPGRADING to ring of willpower.
  1621 | D:2      | 1621 ||| READING 2 scrolls labelled RAOTAE KOKU.
  1622 | D:2      | 1622 ||| READING scroll labelled CIPYNILUST.
  1623 | D:2      | 1623 ||| READING 2 scrolls labelled RINAPN RAVE.
  1624 | D:2      | 1624 ||| DROPPING scroll of magic mapping.
  1674 | D:3      | 1674 ||| Stepping ~*~*~tactically~*~*~ (hiding).
  1689 | D:3      | Reached XP level 5. HP: 32/32 MP: 5/5
  1838 | D:3      | 1838 ||| Stepping ~*~*~tactically~*~*~ (stealth).
  1964 | D:3      | Found Bunne's Assorted Antiques.
  1980 | D:3      | 1980 ||| BUYING fuming black potion (22 gold).
  1980 | D:3      | Bought a fuming black potion for 22 gold pieces
  1980 | D:3      | 1980 ||| SHOPLISTING glowing scale mail (175 gold, have
                  | 156).
  1980 | D:3      | 1980 ||| BUYING red potion (22 gold).
  1980 | D:3      | Bought a red potion for 22 gold pieces
  1980 | D:3      | 1980 ||| SHOPLISTING runed scale mail (175 gold, have 134).
  1980 | D:3      | 1980 ||| BUYING scroll labelled HIUSOG QEPUOM (25 gold).
  1980 | D:3      | Bought a scroll labelled HIUSOG QEPUOM for 25 gold pieces
  1980 | D:3      | 1980 ||| BUYING scroll labelled QIDATE UR MORU (25 gold).
  1980 | D:3      | Bought a scroll labelled QIDATE UR MORU for 25 gold pieces
  1980 | D:3      | 1980 ||| SHOPLISTING shiny fluorescent wand (100 gold, have
                  | 84).
  2205 | D:3      | 2205 ||| READING scroll labelled RIRIM YQESI.
  2206 | D:3      | 2206 ||| READING scroll labelled HIUSOG QEPUOM.
  2207 | D:3      | 2207 ||| READING scroll labelled QIDATE UR MORU.
  2208 | D:3      | 2208 ||| DRINKING 4 red potions.
  2209 | D:3      | 2209 ||| DRINKING 2 fuming black potions.
  2210 | D:3      | 2210 ||| READING 2 scrolls of identify.
  2210 | D:3      | 2210 ||| IDENTIFYING black potion
  2211 | D:3      | 2211 ||| DROPPING 3 potions of flight.
  2212 | D:3      | 2212 ||| DROPPING potion of magic.
  2213 | D:3      | 2213 ||| DROPPING potion of invisibility.
  2255 | D:4      | Reached skill level 1 in Throwing
  2424 | D:4      | Reached skill level 5 in Axes
  2482 | D:4      | Reached XP level 6. HP: 37/37 MP: 6/6
  2511 | D:4      | 2511 ||| Stepping ~*~*~tactically~*~*~ (hiding).
  2513 | D:4      | 2513 ||| Stepping ~*~*~tactically~*~*~ (hiding).
  2560 | D:4      | Noticed an orc warrior
  2561 | D:4      | 2561 ||| Stepping ~*~*~tactically~*~*~ (stealth).
  2562 | D:4      | 2562 ||| Stepping ~*~*~tactically~*~*~ (stealth).
  2567 | D:4      | HP: 9/38 [orc warrior/+0 battleaxe (10)]
  2568 | D:4      | 2568 ||| READING scroll of teleportation.
  2569 | D:4      | 2569 ||| DRINKING 5 potions of heal wounds.
  2584 | D:4      | HP: 9/38 [orc warrior/+0 battleaxe (7)]
  2585 | D:4      | 2585 ||| DRINKING 4 potions of heal wounds.
  2595 | D:4      | HP: 9/38 [orc wizard/+0 dagger (3)]
  2596 | D:4      | 2596 ||| DRINKING 3 potions of heal wounds.
  2599 | D:4      | Killed an orc warrior
  2603 | D:4      | Reached XP level 7. HP: 30/43 MP: 2/7
  2629 | D:4      | Reached skill level 6 in Axes
  2958 | D:4      | 2958 ||| UPGRADING to +0 plate armour.
  2968 | D:4      | 2968 ||| DROPPING +0 scale mail.
  2969 | D:4      | 2969 ||| UPGRADING to +5 ring of evasion.
  2970 | D:4      | 2970 ||| READING 2 scrolls of identify.
  2970 | D:4      | 2970 ||| IDENTIFYING metallic amethyst potion
  2979 | D:5      | Entered Level 5 of the Dungeon
  2980 | D:5      | 2980 ||| PLANNING OSSUARY
  2995 | D:5      | Noticed Blork the orc
  3006 | D:5      | Killed Blork the orc
  3081 | D:5      | Found a sand-covered staircase.
  3081 | D:5      | Noticed Ijyb
  3087 | D:5      | Killed Ijyb
  3102 | Ossuary  | Entered an ossuary
  3122 | Ossuary  | Reached skill level 7 in Axes
  3122 | Ossuary  | Reached XP level 8. HP: 39/48 MP: 5/8
  3301 | Ossuary  | 3301 ||| UPGRADING to +0 helmet.
  3306 | Ossuary  | 3306 ||| READING scroll labelled KUIDAA OMEBUPYU.
  3307 | Ossuary  | 3307 ||| READING scroll labelled HOREOM LEPAO.
  3308 | Ossuary  | 3308 ||| READING 2 scrolls labelled PADAHI KUICA.
  3309 | Ossuary  | 3309 ||| DRINKING 3 blue potions.
  3310 | Ossuary  | 3310 ||| DROPPING scroll of blinking.
  3322 | D:5      | 3322 ||| PLANNING D:1-11
  3420 | D:5      | 3420 ||| Stepping ~*~*~tactically~*~*~ (hiding).
  3421 | D:5      | 3421 ||| Stepping ~*~*~tactically~*~*~ (hiding).
  3422 | D:5      | 3422 ||| Stepping ~*~*~tactically~*~*~ (hiding).
  3423 | D:5      | 3423 ||| Stepping ~*~*~tactically~*~*~ (hiding).
  3425 | D:5      | 3425 ||| Stepping ~*~*~tactically~*~*~ (hiding).
  3427 | D:5      | 3427 ||| Stepping ~*~*~tactically~*~*~ (hiding).
  3602 | D:5      | 3602 ||| Stepping ~*~*~tactically~*~*~ (hiding).
  3604 | D:5      | 3604 ||| Stepping ~*~*~tactically~*~*~ (hiding).
  3647 | D:5      | Reached skill level 8 in Axes
  3730 | D:5      | Noticed Sigmund
  3766 | D:5      | HP: 8/49 [something (5)]
  3769 | D:5      | Killed from afar by Sigmund

Levels and vault maps discovered:
D:1:      nzn_arrival_depleted_hourglass, layout_loops_ring,
          dreamdust_ecumenical_altar_statues
D:2:      layout_basic, basic_altar, serial_bayou_pond_e, minmay_quadrilaterals
D:3:      layout_basic, serial_shops, shop, dk_noncrumbling_4
D:4:      layout_loops_ring
D:5:      layout_cave_pools, nicolae_ossuary_entry_monument,
          grunt_decor_arrowhead, hangedman_minor_gate_pass, uniq_blork_the_orc,
          uniq_ijyb, uniq_sigmund

Skill      XL: |  1  2  3  4  5  6  7  8 |
---------------+-------------------------+-----
Axes           | 2 3 4 5 7 8 |  8.1
Dodging        | 1 |  1.0
Throwing       | 1 2 |  2.4
Fighting       | 4 5 |  5.0
Armour         | 4 5 |  5.1
Shields        | |  3.2

Action                     |  1- 3 |  4- 6 |  7- 9 || total
---------------------------+-------+-------+-------++-------
  Melee: War axe           |    96 |   135 |   122 ||   353
  Throw: Javelin           |       |    30 |     9 ||    39
         Boomerang         |       |       |    29 ||    29
    Use: Scroll            |     4 |     8 |     4 ||    16
         Potion            |     1 |     5 |     1 ||     7
 Armour: Scale mail        |    43 |    57 |    10 ||   110
         Plate armour      |       |       |    67 ||    67
  Dodge: Dodged            |    39 |    53 |    61 ||   153
  Block: Buckler           |    13 |    21 |    29 ||    63

Table legend:
 A = Non-vault XP
 B = Vault XP
 C = Vault XP percentage of total XP
 D = Non-vault monster count
 E = Vault monster count
 F = Vault count percentage of total count
                 A         B        C        D         E       F
            +---------+---------+-------+---------+---------+-------
      Total |    1273 |     800 |  38.6 |     110 |      25 |  18.5
            +---------+---------+-------+---------+---------+-------
        D:1 |      66 |       0 |   0.0 |      30 |       0 |   0.0
        D:2 |      66 |      21 |  24.1 |      17 |       5 |  22.7
        D:3 |      48 |       0 |   0.0 |      20 |       0 |   0.0
        D:4 |     482 |       0 |   0.0 |      26 |       0 |   0.0
        D:5 |     611 |     336 |  35.5 |      17 |       4 |  19.0
    Ossuary |       0 |     443 | 100.0 |       0 |      16 | 100.0
            +---------+---------+-------+---------+---------+-------
